AoeStats
← Horizon

Arena

509199815Analyzed
4v4 RM · 6d ago on Sep 25, 2026· 52m 52s· 8 players
Game mode
Random Map
Map size
Large (8 player)
Population
200
Speed
Normal
Resources
Standard
Victory
Conquest
Starting age
Dark Age
Ending age
Imperial Age
RankedLock teamsTeams togetherTeam positionsShared explorationLock speedFull tech treeHidden civsTurbo modeCheats
Victory
Defeat
🇵🇰 Teutons · Pakistan
1538
+10
🇩🇪 Wu · Germany
1363
+17
🇮🇳 Saracens · India
1360
+17
🇩🇪 Wei · Germany
1358
+19
🇮🇹 Poles · Italy
1425
-17
🇨🇳 Magyars · China
1424
-17
🇭🇺 Cumans · Hungary
1380
-15
🇩🇪 Japanese · Germany
1362
-14
Haider_435
7:28 Loom
9:50 Feudal Age
14:31 Castle Age
13:56 Double-Bit Axe
18:56 Fletching
19:47 Horse Collar
22:35 Bodkin Arrow
25:40 Ballistics
25:33 Red Cliffs Tactics
26:46 Gold Mining
28:36 Wheelbarrow
33:00 Imperial Age
31:51 Hand Cart
32:05 Stone Mining
32:29 Bow Saw
32:24 Heavy Plow
33:03 Elite Fire Archer
34:09 Bracer
35:34 Chemistry
35:04 Padded Archer Armor
36:16 Leather Archer Armor
41:45 Scale Barding Armor
41:51 Forging
42:14 Conscription
42:47 Chain Barding Armor
42:02 Light Cavalry
43:59 Iron Casting
43:38 Hussar
44:30 Bloodlines
44:21 Husbandry
46:38 Plate Barding Armor
47:03 Blast Furnace
52:38 Gold Shaft Mining
Gr33n M4yh3m
10:45 Feudal Age
14:35 Castle Age
13:28 Double-Bit Axe
13:47 Horse Collar
22:05 Wheelbarrow
23:20 Bow Saw
26:04 Gold Mining
26:04 Stone Mining
26:16 Heavy Plow
26:16 Loom
29:03 Imperial Age
27:51 Gold Shaft Mining
27:51 Scale Barding Armor
27:57 Forging
27:53 Fletching
29:22 Chain Barding Armor
30:14 Iron Casting
30:19 Conscription
29:20 Elite Mameluke
30:17 Bloodlines
30:08 Husbandry
31:22 Hand Cart
32:23 Plate Barding Armor
32:31 Ballistics
33:31 Blast Furnace
32:29 Bodkin Arrow
34:13 Chemistry
33:25 Masonry
34:51 Hoardings
39:15 Bracer
39:04 Arrowslits
39:26 Siege Engineers
40:26 Bimaristan
50:46 Light Cavalry
51:53 Hussar
Musti-1997
9:26 Feudal Age
9:52 Double-Bit Axe
9:49 Horse Collar
10:48 Gold Mining
12:08 Stone Mining
14:13 Wheelbarrow
14:51 Wheelbarrow
19:05 Castle Age
17:34 Bloodlines
18:02 Scale Barding Armor
18:28 Forging
20:16 Chain Barding Armor
20:35 Bow Saw
20:30 Heavy Plow
22:14 Loom
23:11 Hand Cart
29:24 Gold Shaft Mining
29:24 Stone Shaft Mining
29:31 Husbandry
33:32 Imperial Age
31:58 Iron Casting
32:16 Fletching
33:29 Bodkin Arrow
34:06 Ballistics
34:20 Tuntian
34:46 Ming Guang Armor
34:42 Conscription
35:24 Blast Furnace
33:48 Heavy Hei Guang Cavalry
35:36 Light Cavalry
36:30 Hussar
37:37 Bracer
38:50 Chemistry
37:46 Murder Holes
37:33 Treadmill Crane
38:05 Masonry
Horizon
6:00 Loom
8:22 Feudal Age
9:31 Town Watch
9:54 Fletching
16:14 Double-Bit Axe
18:14 Horse Collar
22:09 Wheelbarrow
25:14 Castle Age
25:14 Stone Mining
25:15 Gold Mining
26:18 Bow Saw
27:02 Heavy Plow
28:21 Hand Cart
34:48 Imperial Age
32:41 Padded Archer Armor
32:42 Stone Mining
34:58 Masonry
36:31 Chemistry
35:37 Siege Engineers
36:08 Conscription
36:11 Crenellations
37:18 Leather Archer Armor
37:00 Bodkin Arrow
38:17 Crop Rotation
38:35 Hoardings
39:27 Ring Archer Armor
40:59 Elite Skirmisher
42:57 Caravan
43:29 Coinage
46:17 Banking
48:02 Ballistics
50:30 Guilds
51:17 Stone Shaft Mining
Cronik
9:52 Feudal Age
9:41 Loom
11:25 Double-Bit Axe
14:42 Fletching
21:35 Castle Age
22:01 Horse Collar
24:16 Wheelbarrow
25:15 Bow Saw
26:40 Heavy Plow
28:15 Gold Mining
30:05 Bodkin Arrow
33:25 Imperial Age
31:26 Ballistics
31:11 Town Watch
32:11 Yasama
32:28 Scale Mail Armor
32:38 Forging
32:51 Masonry
33:05 Fortified Wall
34:09 Gold Shaft Mining
33:24 Stone Mining
34:01 Chain Mail Armor
33:51 Treadmill Crane
34:47 Iron Casting
34:33 Squires
33:54 Pikeman
35:15 Conscription
36:11 Plate Mail Armor
35:42 Bracer
35:23 Halberdier
38:21 Blast Furnace
37:19 Capped Ram
38:42 Guard Tower
39:53 Chemistry
38:39 Arrowslits
41:04 Murder Holes
46:34 Padded Archer Armor
47:33 Parthian Tactics
47:14 Thumb Ring
47:14 Heavy Cavalry Archer
48:14 Elite Skirmisher
huninter
10:43 Feudal Age
14:44 Castle Age
15:15 Double-Bit Axe
15:15 Horse Collar
26:19 Bow Saw
26:46 Wheelbarrow
27:56 Hand Cart
34:14 Imperial Age
32:42 Fletching
32:52 Padded Archer Armor
33:49 Bodkin Arrow
35:37 Conscription
35:24 Steppe Husbandry
35:45 Conscription
35:46 Leather Archer Armor
35:38 Thumb Ring
35:59 Parthian Tactics
36:19 Bloodlines
37:33 Chemistry
37:26 Ring Archer Armor
36:40 Light Cavalry
36:51 Elite Kipchak
37:51 Loom
37:47 Hussar
38:34 Scale Barding Armor
38:39 Forging
38:38 Stone Mining
38:39 Gold Mining
40:16 Chain Barding Armor
41:54 Iron Casting
42:21 Ballistics
42:37 Plate Barding Armor
eartahhj | GamingHouse
5:06 Loom
12:34 Feudal Age
13:19 Horse Collar
16:35 Castle Age
15:06 Double-Bit Axe
17:28 Stone Mining
17:58 Bow Saw
24:41 Light Cavalry
25:50 Town Watch
26:05 Pikeman
27:51 Bloodlines
29:33 Scale Mail Armor
31:17 Husbandry
32:11 Heavy Plow
32:29 Squires
36:18 Imperial Age
33:49 Gold Mining
34:30 Forging
34:26 Scale Barding Armor
36:07 Iron Casting
36:48 Chain Barding Armor
36:19 Winged Hussar
37:27 Conscription
37:38 Lechitic Legacy
38:44 Chemistry
39:09 Blast Furnace
39:49 Szlachta Privileges
40:18 Chain Mail Armor
40:21 Siege Engineers
41:47 Crop Rotation
40:52 Cavalier
43:41 Hoardings
43:24 Fletching
47:32 Masonry
47:46 Ballistics
48:26 Bodkin Arrow
49:33 Heavy Mounted Crossbowman
49:34 Elite Skirmisher
50:57 Caravan
51:31 Thumb Ring
第一滴血
10:07 Feudal Age
13:50 Castle Age
12:18 Double-Bit Axe
12:46 Horse Collar
14:41 Wheelbarrow
22:13 Heavy Plow
22:35 Bow Saw
24:16 Hand Cart
28:30 Imperial Age
25:47 Loom
25:51 Town Watch
26:13 Gold Mining
26:14 Stone Mining
26:15 Fletching
26:59 Bodkin Arrow
27:59 Gold Shaft Mining
27:35 Scale Barding Armor
27:36 Corvinian Army
28:47 Padded Archer Armor
29:25 Ballistics
28:34 Heavy Cavalry Archer
29:20 Thumb Ring
29:55 Bracer
30:59 Two-Man Saw
31:34 Chemistry
31:17 Conscription
31:37 Bloodlines
31:27 Husbandry
31:34 Recurve Bow
32:22 Parthian Tactics
32:13 Leather Archer Armor
33:24 Ring Archer Armor
34:24 Chain Barding Armor
34:14 Elite Magyar Huszar
36:39 Plate Barding Armor
40:48 Siege Engineers
42:05 Hoardings
46:31 Masonry
46:53 Crop Rotation
Connection lost

Rejoining the realm…

Still unreachable

The connection could not be restored.

Session expired

The server has moved on; the page needs a fresh start.